 Dungeon Crawl Stone Soup version 0.31-a0-150-g89dc3ad700 (webtiles) character file.

Game seed: 17196314489071315056

37 zazu2006 the Firebug (level 3, -2/28 HPs)
             Began as a Gnoll Wanderer on June 8, 2023.
             Succumbed to an orc's poison
             ... on level 2 of the Dungeon.
             The game lasted 00:02:18 (1809 turns).

zazu2006 the Firebug (Gnoll Wanderer)               Turns: 1809, Time: 00:02:19

Health: -2/28      AC:  3    Str: 10 (11) XL:     3   Next: 39%
Magic:  5/7        EV: 13    Int: 11 (12) God:
Gold:   99         SH:  0    Dex: 11 (12) Spells: 6/7 levels left

rFire   . . .        a - +0 falchion
rCold   . . .        (no shield)
rNeg    . . .        e - +0 robe
rPois   .            (no helmet)
rElec   .            i - +0 cloak
rCorr   .            (no gloves)
SInv    .            (no boots)
Will    .....        (no amulet)
Stlth   +            (no ring)
HPRegen 0.24/turn    (no ring)
MPRegen 0.10/turn

%: no passive effects
@: lethally poisoned (-2 -> -23)
A: fangs 1, strong nose, distributed training, hooves 1, inability to read after
injury 1
a: no special abilities


You were on level 2 of the Dungeon.
You visited 1 branch of the dungeon, and saw 3 of its levels.

You collected 99 gold pieces.

Inventory:

Hand Weapons
 a - a +0 falchion (weapon)
 c - a +0 dagger
Missiles
 b - 14 poisoned darts (quivered)
Armour
 e - a +0 robe (worn)
 i - a +0 cloak (worn)
Jewellery
 n - a ring of flight
Scrolls
 d - 2 scrolls of blinking
 g - 3 scrolls of identify {unknown}
 h - 3 scrolls of teleportation {unknown}
 j - a scroll of poison {unknown}
 k - a scroll of vulnerability {unknown}
 m - a scroll of immolation {unknown}
Potions
 f - 2 potions of degeneration
 l - 2 potions of mutation
 o - a potion of lignification {unknown}
 p - 2 potions of invisibility {unknown}


   Skills:
 + Level 2.6 Fighting
 + Level 0.8 Short Blades
 + Level 4.5 Long Blades
 + Level 0.8 Axes
 + Level 0.8 Maces & Flails
 + Level 0.8 Polearms
 + Level 0.8 Staves
 + Level 0.8 Ranged Weapons
 + Level 2.6 Throwing
 + Level 0.8 Armour
 + Level 4.5 Dodging
 + Level 0.8 Stealth
 + Level 0.8 Shields
 + Level 0.8 Unarmed Combat
 + Level 2.8 Spellcasting
 + Level 0.5 Conjurations
 + Level 0.5 Hexes
 + Level 0.5 Summonings
 + Level 0.5 Necromancy
 + Level 0.5 Translocations
 + Level 0.5 Transmutations
 + Level 5.4 Fire Magic
 + Level 0.5 Ice Magic
 + Level 0.5 Air Magic
 + Level 0.5 Earth Magic
 + Level 0.5 Poison Magic
 + Level 1.0 Invocations
 + Level 0.8 Evocations


You had 6 spell levels left.
You knew the following spells:

 Your Spells              Type           Power      Damage    Failure   Level
a - Foxfire               Conj/Fire      32%        2x1d5     8%          1

Your spell library contained the following spells:

 Spells                   Type           Power      Damage    Failure   Level
 Scorch                   Fire           26%        2d6       4%          2
 Apportation              Tloc           4%         N/A       22%         1
 Sticky Flame             Conj/Fire      8%         2d3       61%         4


Dungeon Overview and Level Annotations

Branches:
Dungeon (3/15)

Altars:


Innate Abilities, Weirdness & Mutations

You have very sharp teeth.
Your uncanny sense of smell can sniff out nearby items.
Your experience applies equally to all skills.
You have large cloven feet.
You occasionally lose the ability to read scrolls when taking damage.


Message History

You conjure some foxfire!
A rat comes into view.
The foxfire hits the orc.
The orc is moderately wounded.
The foxfire hits the orc.
The orc is heavily wounded.
A jackal comes into view.
Casting: Foxfire (safe; 8% risk of failure)
Confirm with . or Enter, or press ? or * to list all spells.
You conjure some foxfire!
The jackal barks!
The orc closely misses you.
The kobold throws a stone.
The stone misses you. The stone hits your foxfire.
The goblin barely misses you.
The foxfire hits the orc.
You kill the orc!
The foxfire hits the goblin.
You kill the goblin!
The orc hits you but does no damage.
You are poisoned.
The orc hits you with a +0 hand axe.
HP restored.
You feel sick.
The orc hits you with a +0 dagger of venom.
You are more poisoned.
The orc misses you. The orc hits you with a +0 hand axe.
You climb upwards.
You feel very sick.
There is a stone staircase leading down here.
It was a potion of degeneration.
There was something very wrong with that liquid.
You feel weakened.
You feel dopey.
You feel clumsy.
You feel very sick. The orc hits you with a +0 hand axe!
* * * LOW HITPOINT WARNING * * *
The orc barely misses you.
The orc hits you with a +0 dagger of venom.
* * * LOW HITPOINT WARNING * * *
You are more poisoned.
It was a potion of mutation.
You feel extremely strange.
You occasionally lose the ability to read scrolls when taking damage.
Your feet thicken and deform.
You die...

#########.......# #.#
#......##.......###.#
#......####..........
#....................
####.######.###.###..
#.# #........# #..
#.###......#.###..
#oo...............
#@................
##o..........#####
#.##..###..##
####.##..###.##
#.........##.#
#.#..###.###.# #
#.#..###.# #.# #
#........###.#######
#................†..


You could see 3 orcs.

Vanquished Creatures
  2 dart slugs (D:1)
  An orc (D:3)
  4 ball pythons
  An endoplasm (D:1)
  2 giant cockroaches (D:1)
  4 goblins
  4 hobgoblins
  A kobold (D:1)
  A quokka (D:2)
  4 bats
  2 frilled lizards (D:2)
  3 rats
29 creatures vanquished.

Vanquished Creatures (others)
  66 foxfires
66 creatures vanquished.

Grand Total: 95 creatures vanquished

Notes
Turn   | Place    | Note
-------+----------+-------------------------------------------
     0 | D:1      | zazu2006 the Gnoll Wanderer began the quest for the Orb.
     0 | D:1      | zazu2006 set off with the following items: a +0 falchion,
                  | 14 poisoned darts, a +0 dagger, a scroll of blinking, a +0
                  | robe; and the following spell memorised: Foxfire; and the
                  | following spells available to memorise: Scorch, Sticky
                  | Flame.
     0 | D:1      | Reached XP level 1. HP: 17/17 MP: 4/4
   272 | D:1      | Reached XP level 2. HP: 23/23 MP: 3/5
   789 | D:1      | Found a faded altar of an unknown god.
   811 | D:1      | Reached XP level 3. HP: 27/28 MP: 0/7
   877 | D:1      | Got Plato's Essays on the Door
  1391 | D:2      | Reached skill level 1 in Invocations
  1809 | D:2      | Gained mutation: You occasionally lose the ability to read
                  | scrolls when taking damage. [potion of mutation]
  1809 | D:2      | Gained mutation: You have large cloven feet. [potion of
                  | mutation]
  1809 | D:2      | Succumbed to an orc's poison

Illustrated notes

Levels and vault maps discovered:
D:1:      dpeg_arrival_three_same_balls, layout_loops_ring,
          shapermc_ecumenical_altar_rom_forum
D:2:      layout_basic
D:3:      layout_rooms, ebering_ghost_sewer_d, nicolae_grassy_gnolls,
          uniq_terence, uniq_crazy_yiuf_cottage

Skill      XL: |  1  2  3 |
---------------+----------+-----
Invocations    | 1 |  1.0
Fighting       | |  2.6
Short Blades   | |  0.8
Long Blades    | |  4.5
Axes           | |  0.8
Maces & Flails | |  0.8
Polearms       | |  0.8
Staves         | |  0.8
Ranged Weapons | |  0.8
Throwing       | |  2.6
Armour         | |  0.8
Dodging        | |  4.5
Stealth        | |  0.8
Shields        | |  0.8
Unarmed Combat | |  0.8
Spellcasting   | |  2.8
Conjurations   | |  0.5
Hexes          | |  0.5
Summonings     | |  0.5
Necromancy     | |  0.5
Translocations | |  0.5
Transmutations | |  0.5
Fire Magic     | |  5.4
Ice Magic      | |  0.5
Air Magic      | |  0.5
Earth Magic    | |  0.5
Poison Magic   | |  0.5
Evocations     | |  0.8

Action                     || total
---------------------------++-------
  Melee: Falchion          ||    11
         Bite              ||     1
   Cast: Foxfire           ||    41
    Use: Potion            ||     2
 Armour: Robe              ||     5
  Dodge: Dodged            ||    15

Table legend: (Time is in decaauts)
 A = Elapsed time spent in this place.
 B = Non-inter-level travel time spent in this place.
 C = Inter-level travel time spent in this place.
 D = Time resting spent in this place.
 E = Time spent auto-exploring this place.
 F = Levels seen in this place.
 G = Mean time per level.
                   A        B        C        D        E       F      G
               +--------+--------+--------+--------+--------+-----+--------+
         Total |   1809 |   1741 |     68 |      0 |   1549 |   3 |  603.0 |
       Dungeon |   1809 |   1741 |     68 |      0 |   1549 |   3 |  603.0 |
               +--------+--------+--------+--------+--------+-----+--------+

Top non-repeatable levels by time:
     D:1: 921 daAuts
     D:2: 882 daAuts
     D:3: 5 daAuts
